 Dungeon Crawl Stone Soup version 0.31.0-12-g77e489cdc1 (webtiles) character file.

Game seed: 6039000881748514730

7096 Rassilon the Grappler (level 10, -11/118 HPs)
             Began as a Demonspawn Shapeshifter on Feb 15, 2024.
             Was a Believer of Wu Jian.
             Mangled by an orc warrior
             ... wielding a +3 broad axe
              (14 damage)
             ... in a bailey.
             The game lasted 00:37:21 (7686 turns).

Rassilon the Grappler (Demonspawn Shapeshifter)     Turns: 7686, Time: 00:37:21

Health: -11/118    AC: 10    Str: 18    XL:     10   Next: 84%
Magic:  10/10      EV: 14    Int: 12    God:    Wu Jian [**....]
Gold:   447        SH:  5    Dex: 12    Spells: 7/9 levels left

rFire   . .          .
                       - Unarmed
rCold   . . .        (no shield)
rNeg    . . .        G - +0 acid dragon scales
rPois   .            (no helmet)
rElec   .            B - +0 cloak
rCorr   +            (no gloves)
SInv    +            a - +2 pair of boots
Will    .....        x - amulet of reflection Stlth
                     b - ring of see invisible
HPRegen 1.19/turn    f - ring of flight
MPRegen 0.12/turn

%: reflection
@: berserking, flying, very quick
A: claws 2, foul stench 2, demonic magic 2, regeneration 1
a: Renounce Religion, Wall Jump


You were in a bailey.
You worshipped Wu Jian.
Wu Jian was pleased with you.
You visited 2 branches of the dungeon, and saw 10 of its levels.
You also visited: Sewer and Bailey.

You collected 487 gold pieces.
You spent 40 gold pieces at shops.

Inventory:

Missiles
 p - 5 poisoned darts (quivered)
 D - 2 throwing nets
 H - a curare-tipped dart
Armour
 a - a +2 pair of boots (worn)
 B - a +0 cloak (worn)
 G - +0 acid dragon scales (worn)
Jewellery
 b - a ring of see invisible (left claw)
 f - a ring of flight (right claw)
 x - an amulet of reflection (around neck)
Talismans
 c - a beast talisman
 d - a flux talisman
Wands
 w - a wand of roots (10)
Scrolls
 e - 2 scrolls of fog {unknown}
 g - 4 scrolls of identify
 h - 3 scrolls of blinking
 i - 2 scrolls of vulnerability {unknown}
 j - 5 scrolls of teleportation
 k - a scroll of silence {unknown}
 l - a scroll of enchant armour {unknown}
 n - 2 scrolls of fear
 r - a scroll of immolation {unknown}
 t - a scroll of noise {unknown}
 v - 2 scrolls of enchant weapon {unknown}
 y - a scroll of acquirement {unknown}
 z - 2 scrolls of amnesia {unknown}
 A - a scroll of brand weapon {unknown}
 F - a scroll of revelation {unknown}
Potions
 m - a potion of enlightenment
 o - a potion of berserk rage
 q - 2 potions of mutation
 u - 2 potions of attraction {unknown}
 C - 2 potions of curing
 E - 2 potions of resistance
Miscellaneous
 s - a tin of tremorstones (2/2)


   Skills:
 + Level 7.5 Fighting
 + Level 7.1 Dodging
 * Level 10.2 Unarmed Combat
 + Level 6.8 Shapeshifting


You had 7 spell levels left.
You knew the following spells:

 Your Spells              Type           Power      Damage    Failure   Level
a - Magic Dart            Conj           0%         1d3       41%         1
b - Shock                 Conj/Air       0%         1d3       41%         1

Your spell library contained the following spells:

 Spells                   Type           Power      Damage    Failure   Level
 Freeze                   Ice            0%         1d3       41%         1
 Searing Ray              Conj           0%         2d4       54%         2
 Dazzling Flash           Conj/Hex       0%         N/A       78%         3
 Frozen Ramparts          Ice            0%         1d1       78%         3
 Hailstorm                Conj/Ice       0%         3d5       78%         3
 Swiftness                Air            0%         N/A       78%         3
 Volatile Blastmotes      Fire/Tloc      0%         2d10      78%         3
 Airstrike                Air            0%         2d(0-16)  99%         4
 Fulminant Prism          Conj/Alch      0%         3d5       99%         4
 Starburst                Conj/Fire      0%         6d3       100%        6
 Maxwell's Capacitive Co  Air            0%         ∞         100%        8


Dungeon Overview and Level Annotations

Branches:
Dungeon (9/15)             Temple (1/1) D:7            Lair (0/5) D:8
  Sewer (visited)          Bailey (1/1)
    Orc: D:9-12

Altars:
Ashenzari
Cheibriados
Dithmenos
Fedhas
Gozag
Hepliaklqana
Kikubaaqudgha
Makhleb
Nemelex Xobeh
Okawaru
Qazlal
Ru
Sif Muna
Trog
Uskayaw
Vehumet
Wu Jian
Yredelemnul

Shops:
D:3 ?   D:5 *   D:8 (   D:9 [


Innate Abilities, Weirdness & Mutations

You have very sharp fingernails.
You sometimes emit foul miasma when damaged in melee.
Spells you cast may paralyse nearby enemies.
Your natural rate of healing is unusually fast.


Message History

You kill the orc warrior!
The Council accepts your kill.
You scratch the orc warrior but do no damage.
The orc warrior hits you but does no damage.
You scratch the orc warrior.
The orc warrior is lightly wounded.
The orc warrior hits you but does no damage.
You scratch the orc warrior.
The orc warrior is moderately wounded.
You closely miss the orc warrior.
You claw the orc warrior, but do no damage.
The orc warrior is moderately wounded.
You claw the orc warrior!
The orc warrior is moderately wounded.
The orc warrior hits you with a +0 war axe!
The orc warrior hits you with a +3 broad axe!!
You scratch the orc warrior.
The orc warrior is heavily wounded.
The orc warrior hits you with a +0 war axe!
* * * LOW HITPOINT WARNING * * *
The orc warrior hits you with a +3 broad axe.
* * * LOW HITPOINT WARNING * * *
You spin and attack the orc warrior.
You scratch the orc warrior but do no damage.
The orc warrior is moderately wounded.
The orc warrior hits you with a +0 war axe.
* * * LOW HITPOINT WARNING * * *
A red film seems to cover your vision as you go berserk!
You feel yourself moving faster!
You feel mighty!
The orc warrior hits you with a +0 war axe!
* * * LOW HITPOINT WARNING * * *
The orc warrior hits you with a +3 broad axe!
* * * LOW HITPOINT WARNING * * *
You mangle the orc warrior!!
You kill the orc warrior!
The Council accepts your kill.
You scratch the orc warrior.
The orc warrior is severely wounded.
The orc warrior hits you with a +3 broad axe!
You die...

### ### ###.###
###.# ###.....###
###....
##.........###......
#...........#.......
#...........).......
#.....⌠.....#)....⌠.
#...........#.......
#..@........#.......
##o).......###......
#o#.....### ###....
#.....###.### ###.#
#?....... ### ###
??........ #.
!.........8 #.
∩....⌠.....+ #.
?.........8# #.


You could see an orc warrior and an orc.

Vanquished Creatures
  A two-headed ogre (D:8)
  Jeremiah (D:7)
  A komodo dragon (D:8)
  Sigmund (D:2)
  9 yaks (D:8)
  Eustachio (D:5)
  A steam dragon (D:6)
  A vampire mosquito (D:8)
  An acid dragon (D:7)
  2 water moccasins (D:8)
  8 orc warriors
  2 black bears (D:6)
  An ice beast (D:5)
  A sky beast (D:7)
  An ogre (D:3)
  4 centaurs (D:8)
  A kobold brigand (D:8)
  A phantom (D:5)
  The ghost of vimes the Apothecary, an amateur GrAl (D:4)
  A gnoll sergeant (D:6)
  6 bullfrogs
  7 wights
  A killer bee (D:8)
  3 howler monkeys (D:7)
  A bombardier beetle (D:5)
  2 jellies
  7 hounds
  2 gnoll boudas
  4 orc priests
  7 orc wizards
  7 adders
  19 gnolls
  2 shadow imps
  2 white imps (D:7)
  11 dart slugs
  10 ribbon worms
  42 orcs
  3 bats
  7 endoplasms
  8 giant cockroaches
  17 goblins
  4 hobgoblins
  6 jackals
  5 quokkas
  7 ball pythons
  10 frilled lizards
  10 kobolds
  4 rats
254 creatures vanquished.

Notes
Turn   | Place    | Note
-------+----------+-------------------------------------------
     0 | D:1      | Rassilon the Demonspawn Shapeshifter began the quest for
                  | the Orb.
     0 | D:1      | Reached XP level 1. HP: 15/15 MP: 1/1
   149 | D:1      | Gained mutation: You have sharp fingernails. [demonic
                  | ancestry]
   149 | D:1      | Reached XP level 2. HP: 9/21 MP: 2/2
   228 | D:1      | Reached skill level 3 in Unarmed Combat
   416 | D:1      | Found a faded altar of an unknown god.
   650 | D:1      | Gained mutation: Spells you cast may paralyse adjacent
                  | enemies. [demonic ancestry]
   650 | D:1      | Reached XP level 3. HP: 6/26 MP: 3/3
   940 | D:2      | Noticed Sigmund
   948 | D:2      | Killed Sigmund
   949 | D:2      | Reached skill level 4 in Unarmed Combat
   949 | D:2      | Gained mutation: You may rarely emit foul miasma when
                  | damaged in melee. [demonic ancestry]
   949 | D:2      | Reached XP level 4. HP: 32/34 MP: 4/4
   949 | D:2      | Gained mutation: You have very sharp fingernails. [demonic
                  | ancestry]
   949 | D:2      | Reached XP level 5. HP: 37/39 MP: 5/5
  1817 | D:3      | Found The Oracle's Delphic Readings.
  1832 | D:3      | Reached XP level 6. HP: 46/46 MP: 6/6
  1841 | D:3      | Bought a scroll of identify for 20 gold pieces
  1841 | D:3      | Bought a scroll of identify for 20 gold pieces
  2004 | D:3      | Identified the +0 scale mail of Wonder {rElec}
  2420 | D:4      | Found a runed translucent gate.
  2420 | D:4      | Noticed vimes's ghost (amateur GrAl)
  2421 | D:4      | Found a runed translucent gate.
  2422 | D:4      | Found a runed translucent gate.
  2649 | D:4      | Killed vimes's ghost
  2711 | D:4      | Found a glowing drain.
  2732 | Sewer    | Entered a sewer
  3055 | Sewer    | Reached skill level 5 in Unarmed Combat
  3065 | Sewer    | Reached XP level 7. HP: 48/52 MP: 7/7
  3385 | D:5      | Entered Level 5 of the Dungeon
  3555 | D:5      | Noticed Eustachio
  3568 | D:5      | Killed Eustachio
  3709 | D:5      | Reached skill level 6 in Unarmed Combat
  3709 | D:5      | Reached XP level 8. HP: 60/60 MP: 8/8
  4239 | D:5      | Found Amogeown's Lightly-Used Armoury.
  4287 | D:5      | Found a blossoming altar of Fedhas.
  4440 | D:6      | Gained mutation: Your natural rate of healing is unusually
                  | fast. [potion of mutation]
  4657 | D:6      | Reached skill level 5 in Fighting
  4657 | D:6      | Reached skill level 7 in Unarmed Combat
  4657 | D:6      | Reached skill level 5 in Shapeshifting
  4875 | D:6      | Reached skill level 5 in Dodging
  4914 | D:6      | Gained mutation: Spells you cast may paralyse nearby
                  | enemies. [demonic ancestry]
  4914 | D:6      | Reached XP level 9. HP: 67/68 MP: 9/9
  5009 | D:6      | Found a sparkling altar of Nemelex Xobeh.
  5415 | D:7      | Learned a level 1 spell: Shock
  5475 | D:6      | Learned a level 1 spell: Magic Dart
  5545 | D:7      | Found a staircase to the Ecumenical Temple.
  5585 | Temple   | Entered the Ecumenical Temple
  5596 | Temple   | Became a worshipper of the Wu Jian Council
  5739 | D:7      | Noticed Jeremiah
  5819 | D:7      | Killed Jeremiah
  5820 | D:7      | Reached skill level 8 in Unarmed Combat
  5901 | D:7      | Found a burning altar of Makhleb.
  5921 | D:7      | Found a shimmering blue altar of Sif Muna.
  5922 | D:7      | Found an ancient bone altar of Kikubaaqudgha.
  5923 | D:7      | Found a radiant altar of Vehumet.
  6348 | D:8      | Found a stormy altar of Qazlal.
  6382 | D:8      | Found a hazy altar of Hepliaklqana.
  6420 | D:8      | Found Ophano Lazui's Antique Weapon Emporium.
  6533 | D:8      | Noticed a two-headed ogre
  6543 | D:8      | HP: 1/69 [two-headed ogre/+0 giant club (25)]
  6546 | D:8      | Killed a two-headed ogre
  6547 | D:8      | Gained mutation: You sometimes emit foul miasma when
                  | damaged in melee. [demonic ancestry]
  6547 | D:8      | Reached XP level 10. HP: 4/77 MP: 10/10
  6699 | D:8      | Reached skill level 9 in Unarmed Combat
  6733 | D:8      | Reached * piety under Wu Jian
  7170 | D:8      | Found a staircase to the Lair.
  7355 | D:9      | Found Toteox's Antique Armour Shoppe.
  7458 | D:9      | Reached ** piety under Wu Jian
  7532 | D:9      | Found a flagged portal.
  7545 | Bailey   | Entered a bailey
  7565 | Bailey   | Reached skill level 10 in Unarmed Combat
  7684 | Bailey   | HP: 1/118 [orc warrior/+3 broad axe (10)]
  7686 | Bailey   | Mangled by an orc warrior

Illustrated notes

Levels and vault maps discovered:
D:1:      dpeg_arrival_three_same_balls, layout_basic,
          dilly_ecumenical_altar_fadedgnrine
D:2:      layout_basic, uniq_sigmund
D:3:      layout_loops_ring, nicolae_nh_oracle_at_delphi
D:4:      layout_rooms, zin_treasury, mainiacjoe_overflow_24_doors,
          ebering_ghost_rock_garden, portal_sewer_entry_f
D:5:      layout_loops_cross, fedhas_altar_decomposition, minmay_shop_damaged,
          hangedman_abyss_or_decor_stabs, nicolae_wormholes, uniq_eustachio
D:6:      layout_basic, nicolae_overflow_hidden_temple
D:7:      layout_cave_pods, grunt_temple_overflow_magic_moments,
          lemuel_doored_altar, minmay_temple_entry_statues, uniq_jeremiah
D:8:      kennysheep_blocky_room, layout_basic,
          mainiacjoe_overflow_catch_the_wave, david_lair_shrubbed, serial_shops,
          shop, minivault_21
D:9:      layout_small_grid, lightli_bailey_entry_fortress,
          nicolae_stop_n_shop_1, nicolae_shop_gadgets
Temple:   jpeg_temple_clearing
Bailey:   bailey_axe_minmay_hex_keep, bailey

Skill      XL: |  1  2  3  4  5  6  7  8  9 10 |
---------------+-------------------------------+-----
Dodging        | 2 3 4 5 6 7 |  7.1
Unarmed Combat | 3 4 5 6 7 8 10 | 10.2
Fighting       | 2 3 4 5 6 7 |  7.5
Shapeshifting  | 3 4 5 6 |  6.8

Action                     |  1- 3 |  4- 6 |  7- 9 | 10-12 || total
---------------------------+-------+-------+-------+-------++-------
  Melee: Unarmed           |    86 |   153 |   343 |   263 ||   845
         Punch             |     2 |     3 |    15 |    17 ||    37
  Throw: Dart              |       |     7 |       |     2 ||     9
Ability: Begin Untransform |       |       |     2 |       ||     2
         Lunge             |       |       |    11 |    10 ||    21
         Whirlwind         |       |       |       |     5 ||     5
  Evoke: Tin of tremorston |       |       |     1 |       ||     1
    Use: Potion            |     2 |     4 |     4 |     1 ||    11
         Scroll            |       |       |     3 |       ||     3
   Stab: Sleeping          |     2 |     1 |       |       ||     3
         Invisible         |       |     1 |       |       ||     1
 Armour: Animal skin       |    40 |    16 |       |       ||    56
         Skin              |     6 |       |       |       ||     6
         Scale mail        |       |   109 |   140 |       ||   249
         Acid dragon scale |       |       |    47 |   123 ||   170
  Dodge: Dodged            |    62 |   100 |   143 |   111 ||   416
  Block: Other             |       |       |    40 |    44 ||    84
         Reflection        |       |       |     2 |     5 ||     7
   Form: Beast             |       |       |     1 |       ||     1
